 Dungeon Crawl Stone Soup version 0.25.0-37-gb73750e (webtiles) character file.

Game seed: 2128250137860508806

189 Balder the Cudgeler (level 5, 0/45 HPs)
             Began as a Minotaur Gladiator on July 9, 2020.
             Killed from afar by an orc wizard (12 damage)
             ... with a puff of flame
             ... on level 3 of the Dungeon.
             The game lasted 00:07:26 (2621 turns).

Balder the Cudgeler (Minotaur Gladiator)            Turns: 2621, Time: 00:07:26

Health: 0/45       AC:  3    Str: 18    XL:     5   Next: 40%
Magic:  4/4        EV: 13    Int:  5    God:
Gold:   66         SH:  0    Dex: 13    Spells: 4/4 levels left

rFire    . . .     SeeInvis .   a - +0 flail
rCold    . . .     Gourm    .   (no shield)
rNeg     . . .     Faith    .   b - +0 leather armour
rPois    .         Spirit   .   c - +0 hat
rElec    .         Reflect  .   (no cloak)
rCorr    .         Harm     .   (no gloves)
MR       .....                  (no boots)
Stlth    +.........             (no amulet)
HPRegen  0.15/turn              (no ring)
MPRegen  0.09/turn              (no ring)

@: no status effects
A: retaliatory headbutt, horns 2
a: no special abilities


You were on level 3 of the Dungeon.
You were not hungry.

You visited 1 branch of the dungeon, and saw 3 of its levels.

You collected 66 gold pieces.

Inventory:

Hand Weapons
 a - a +0 flail (weapon)
Missiles
 d - 2 throwing nets
 g - 4 poisoned darts (quivered)
 l - 12 boomerangs
Armour
 b - a +0 leather armour (worn)
 c - a +0 hat (worn)
 i - a cursed +0 leather armour
 q - a +2 pair of gloves
Scrolls
 e - 2 scrolls of magic mapping {unknown}
 h - a scroll of blinking {unknown}
 k - 2 scrolls of fog {unknown}
 n - 2 scrolls of identify {unknown}
 o - 2 scrolls of remove curse {unknown}
 r - a scroll of enchant weapon {unknown}
Potions
 j - a potion of cancellation {unknown}
 p - a potion of curing {unknown}
Comestibles
 f - 2 rations
 m - 19 chunks of flesh


   Skills:
 * Level 3.1 Fighting
 * Level 5.5 Maces & Flails
 * Level 2.6 Throwing
 * Level 2.3 Armour
 * Level 4.1 Dodging
 + Level 0.2 Stealth


You had 4 spell levels left.
You didn't know any spells.
Your spell library was empty.

Dungeon Overview and Level Annotations

Branches:
Dungeon (3/15)

Altars:
Elyvilon
Nemelex Xobeh


Innate Abilities, Weirdness & Mutations

You reflexively headbutt those who attack you in melee.
You have a pair of horns on your head.


Message History

The orc hits you with a +0 short sword.
The orc wizard gestures at you while chanting.
The magic dart hits you!
The orc wizard gestures at you while chanting.
The magic dart hits you!
You see here a +0 flail.
You closely miss the orc.
The orc looks more healthy.
The orc misses you.
The orc wizard gestures at you while chanting.
The magic dart hits you. The orc hits you with a +0 short sword.
You sock the orc!
You kill the orc!
The orc wizard casts a spell at you. The magic dart hits you!
* * * LOW HITPOINT WARNING * * *
You miss the orc wizard.
The orc wizard is moderately wounded.
The orc wizard barely misses you.
The orc wizard points at you and mumbles some strange words.
The puff of flame hits you!
You die...

......................
..........#♣..##♣♣♣♣#
'##......##♣....♣♣♣
.........#.♣♣♣..♣.♣ .♣
.........##P♣♣♣.P.♣ .♣
.........)....♣...♣ P..
.......))...P.♣...♣ ♣..P
......).)##..♣♣♣..♣♣P.♣.
.(..#.o@###.♣...♣..♣..♣P
.......o.#......♣÷.....♣
.(.......##.♣..P.♣.♣..P.
.(..........♣♣♣..♣.♣....
.......(....♣ ♣..P...♣.♣
.#....((.#.♣. ♣.P.♣♣PP..
#.......#♣PP ♣...♣ ♣...
#.......# ♣♣ ♣♣♣## ..♣


PP You could see 2 orc wizards.

Vanquished Creatures
  An orc priest (D:3)
  A hound skeleton (D:3)
  4 gnolls (D:2)
  2 adders (D:2)
  3 oozes
  A worm (D:2)
  2 dart slugs
  2 leopard geckos
  12 orcs
  6 bats
  3 giant cockroaches
  5 goblins
  5 hobgoblins
  A quokka (D:3)
  5 frilled lizards
  4 kobolds
  4 rats
61 creatures vanquished.

Notes
Turn   | Place    | Note
-------+----------+-------------------------------------------
     0 | D:1      | Balder the Minotaur Gladiator began the quest for the Orb.
     0 | D:1      | Reached XP level 1. HP: 18/18 MP: 0/0
   222 | D:1      | You fall into a shaft and drop 1 floor!
   242 | D:2      | Reached skill level 4 in Maces & Flails
   242 | D:2      | Reached XP level 2. HP: 25/25 MP: 1/1
   303 | D:2      | Reached skill level 1 in Armour
   322 | D:2      | Reached XP level 3. HP: 5/30 MP: 2/2
  1249 | D:1      | Reached XP level 4. HP: 37/37 MP: 3/3
  1772 | D:2      | Found a white marble altar of Elyvilon.
  1848 | D:2      | Found a sparkling altar of Nemelex Xobeh.
  2217 | D:2      | Reached skill level 5 in Maces & Flails
  2461 | D:3      | Reached XP level 5. HP: 30/45 MP: 4/4
  2621 | D:3      | Killed from afar by an orc wizard

Illustrated notes

Levels and vault maps discovered:
D:1:      moated_graveyard_arrival, layout_loops_corners
D:2:      layout_loops_cross, lemuel_doored_altar, nemelex_dance_club_becter
D:3:      wad_woods_tower, layout_basic, mrwooster_statue_mirror,
          chequers_decorated_corner, uniq_ijyb, uniq_crazy_yiuf_cottage

Skill      XL: |  1  2  3  4 |
---------------+-------------+-----
Maces & Flails | 4 5 |  5.5
Armour         | 1 2 |  2.3
Dodging        | 4 |  4.1
Fighting       | 3 |  3.1
Throwing       | |  2.6
Stealth        | |  0.2

Action                   |  1- 3 |  4- 6 || total
-------------------------+-------+-------++-------
Melee: Flail             |    56 |    73 ||   129
       Headbutt          |     4 |    13 ||    17
Throw: Throwing net      |     1 |     2 ||     3
       Dart              |       |    11 ||    11
  Eat: Chunk             |     1 |     4 ||     5
Armor: Leather armour    |    13 |    13 ||    26
Dodge: Dodged            |    38 |    59 ||    97
